 Dungeon Crawl Stone Soup version 0.25.1-2-g60ff931df9 (webtiles) character file.

Game seed: 18132506316235018689

205061 Lavandula the Markscentaur (level 18, 0/187 HPs)
             Began as a Centaur Arcane Marksman on Sept 25, 2020.
             Was the Champion of Ashenzari.
             Slain by a hell beast (26 damage)
             ... in a wizard's laboratory.
             The game lasted 02:29:42 (46083 turns).

Lavandula the Markscentaur (CeAM)                  Turns: 46083, Time: 02:29:42

Health: 0/187      AC: 24    Str:  7      XL:     18   Next: 3%
Magic:  21/32      EV: 19    Int: 16 (17) God:    Ashenzari [******]
Gold:   1158       SH:  0    Dex: 15 (16) Spells: 1/38 levels left

rFire    + + +     SeeInvis +   E - +5 longbow (chaos) (curse)
rCold    + . .     Gourm    .   (shield currently unavailable)
rNeg     + + .     Faith    +   (armour currently unavailable)
rPois    ∞         Spirit   .   V - +0 mask of the Dragon {MR+ Slay+3 SInv} (curse)
rElec    +         Reflect  .   t - scarf {repulsion}
rCorr    .         Harm     .   (gloves currently unavailable)
MR       ++...     Clarity  +   (no barding)
Stlth    ++........             H - amulet of the Iron Devil {Faith rF+++ rN+ Str-5 Slay+3} (curse)
HPRegen  0.41/turn              v - +4 ring of evasion (curse)
MPRegen  0.23/turn              F - ring of Xoudes {rF+ rC+ Dex+2} (curse)

@: statue-form, very slightly contaminated, repel missiles, very slow
A: large, hooves 3, agile 1, deformed body, deterioration 2, frail 1, weak 1, no
potion heal 1, subdued magic 1
}: 1/15 runes: barnacled
a: End Transformation, Curse Item, Scrying, Transfer Knowledge, Renounce
Religion


You were in a wizard's laboratory.
You worshipped Ashenzari.
Ashenzari was exalted by your worship.
You were not hungry.
You were a stone statue.
You visited 7 branches of the dungeon, and saw 32 of its levels.
You visited 1 bazaar.
You also visited: Gauntlet and Wizlab.

You collected 3419 gold pieces.
You spent 2261 gold pieces at shops.

Inventory:

Hand Weapons
 E - a cursed +5 longbow of chaos (weapon)
Missiles
 d - 288 arrows (quivered)
 p - 65 silver javelins
 s - a throwing net
 w - 109 poisoned darts
 P - 7 curare-tipped darts
Armour
 n - a +2 pair of gloves (melded)
 o - the +6 ring mail "Monla" (melded) {rElec Dex+5 Slay+3}
   (You found it on level 3 of the Elven Halls)

   It affects your dexterity (+5).
   It affects your accuracy and damage with ranged weapons and melee attacks
   (+3).
   It insulates you from electricity.
 q - a +2 leather armour of cold resistance
 t - a scarf of repulsion (worn)
 x - a +2 centaur barding (melded)
 y - +2 acid dragon scales
 C - +0 fire dragon scales
 V - the cursed +0 mask of the Dragon (worn) {MR+ Slay+3 SInv}
   (You bought it in a shop on level 3 of the Shoals)

   It affects your accuracy and damage with ranged weapons and melee attacks
   (+3).
   It affects your resistance to hostile enchantments.
   It lets you see invisible.
   It has a curse placed upon it.
Jewellery
 a - the ring of Fanaticism {rPois rC+ rN+ MP-9 Int+9}
   (You took it off a deep elf death mage on level 3 of the Elven Halls)

   [ring of positive energy]

   It affects your intelligence (+9).
   It protects you from cold.
   It protects you from poison.
   It protects you from negative energy.
   It affects your magic capacity (-9).
 h - an uncursed ring of protection from fire
 i - an uncursed amulet of magic regeneration
 v - a cursed +4 ring of evasion (left hand)
 F - the cursed ring of Xoudes (right hand) {rF+ rC+ Dex+2}
   (You found it in a Gauntlet)

   [ring of protection from fire]

   It affects your dexterity (+2).
   It protects you from fire.
   It protects you from cold.
   It has a curse placed upon it.
 G - the cursed amulet of the Exiled Beds {Faith rC++ MR+ Int+4}
   (You acquired it on level 1 of the Vaults)

   [amulet of faith]

   It allows you to gain divine favour quickly.
   It affects your intelligence (+4).
   It greatly protects you from cold.
   It affects your resistance to hostile enchantments.
   It has a curse placed upon it.
 H - the cursed amulet of the Iron Devil (around neck) {Faith rF+++ rN+ Str-5 Slay+3}
   (You bought it in a shop on level 2 of the Orcish Mines)

   [amulet of faith]

   It allows you to gain divine favour quickly.
   It affects your strength (-5).
   It affects your accuracy and damage with ranged weapons and melee attacks
   (+3).
   It renders you almost immune to fire.
   It protects you from negative energy.
   It has a curse placed upon it.
 J - the ring of Noagesh {rC+ Str+6 Int+3}
   (You found it on level 3 of the Elven Halls)

   [ring of strength]

   It affects your strength (+6).
   It affects your intelligence (+3).
   It protects you from cold.
 X - an uncursed ring of wizardry
Scrolls
 b - a scroll of blinking
 g - 15 scrolls of remove curse
 j - a scroll of vulnerability
 m - 6 scrolls of teleportation
 D - a scroll of holy word
 K - 4 scrolls of amnesia
 M - a scroll of fog
 Q - 2 scrolls of magic mapping
 R - 2 scrolls of torment
 S - 4 scrolls of silence
 U - a scroll of fear
Potions
 c - a potion of cancellation
 e - a potion of might
 k - 2 potions of brilliance
 l - 6 potions of curing
 r - 5 potions of haste
 u - a potion of ambrosia {unknown}
 z - 3 potions of invisibility
 A - 2 potions of flight
 B - 4 potions of lignification {unknown}
 N - 2 potions of mutation {unknown}
 O - 2 potions of berserk rage {unknown}
 Y - 2 potions of stabbing {unknown}
Comestibles
 f - 34 rations


   Skills:
 - Level 14.4 Fighting
 - Level 18.5(23.4) Bows
 - Level 5.3 Armour
 - Level 8.1 Dodging
 + Level 4.9 Stealth
 - Level 10.7 Spellcasting
 - Level 8.4(12.8) Hexes
 - Level 2.7(6.4) Summonings
 - Level 7.3(11.8) Transmutations
 - Level 10.2(14.5) Ice Magic
 - Level 10.8(15.0) Earth Magic


You had one spell level left.
You knew the following spells:

 Your Spells              Type           Power        Failure   Level  Hunger
a - Corona                Hex            #####..      1%          1    None
b - Slow                  Hex            #####...     1%          2    None
c - Inner Flame           Hex/Fire       ###.....     1%          3    None
d - Portal Projectile     Hex/Tloc       ###...       1%          3    None
e - Cause Fear            Hex            #####.....   1%          4    ###....
f - Frozen Ramparts       Ice            #####.       1%          3    None
g - Ozocubu's Armour      Chrm/Ice       ####....     1%          3    None
h - Shroud of Golubria    Chrm/Tloc      #.....       8%          2    None
i - Summon Ice Beast      Ice/Summ       ####....     1%          4    ###....
j - Statue Form           Tmut/Erth      #####....    4%          6    ######.
k - Irradiate             Conj/Tmut      ###.......   16%         5    #####..
l - Summon Butterflies    Summ           ###.....     1%          1    None

Your spell library contained the following spells:

 Spells                   Type           Power        Failure   Level  Hunger
 Freeze                   Ice            ####         0%          1    None
 Beastly Appendage        Tmut           #####.       1%          1    None
 Magic Dart               Conj           #...         4%          1    None
 Pain                     Necr           #...         4%          1    None
 Shock                    Conj/Air       #...         4%          1    None
 Sticks to Snakes         Tmut           #####...     1%          2    None
 Call Canine Familiar     Summ           ###.....     1%          3    None
 Confusing Touch          Hex            #####...     1%          3    None
 Dazzling Flash           Conj/Hex       ###...       1%          3    None
 Spider Form              Tmut/Pois      ###.......   1%          3    None
 Summon Guardian Golem    Hex/Summ       ####....     1%          3    None
 Ice Form                 Ice/Tmut       #####...     1%          4    ###....
 Leda's Liquefaction      Hex/Erth       #####.....   1%          4    ###....
 Petrify                  Tmut/Erth      #####...     1%          4    ###....
 Blade Hands              Tmut           #####.....   1%          5    #####..
 Lee's Rapid Deconstruct  Erth           #####.....   1%          5    #####..
 Metabolic Englaciation   Hex/Ice        #####.....   1%          5    #####..
 Yara's Violent Unravell  Hex/Tmut       #####.....   1%          5    #####..
 Hailstorm                Conj/Ice       ####....     2%          4    ###....
 Ignite Poison            Fire/Tmut/Pois ###.....     3%          3    None
 Summon Mana Viper        Hex/Summ       ####....     3%          5    #####..
 Recall                   Summ/Tloc      N/A          4%          3    None
 Fulminant Prism          Conj/Hex       ###.......   4%          4    ###....
 Searing Ray              Conj           #.....       8%          2    None
 Song of Slaying          Chrm           #.......     8%          2    None
 Sublimation of Blood     Necr           #.........   8%          2    None
 Swiftness                Chrm/Air       #.......     8%          2    None
 Hydra Form               Tmut           #####.....   8%          6    ######.
 Aura of Abjuration       Summ           ###.......   14%         5    #####..
 Summon Demon             Summ           ###.......   14%         5    #####..
 Gell's Gravitas          Tloc           #.........   16%         3    None
 Teleport Other           Tloc           #.......     16%         3    None
 Vampiric Draining        Necr           #.........   16%         3    None
 Alistair's Intoxication  Tmut/Pois      ###.....     16%         5    #####..
 Summon Lightning Spire   Summ/Air       ###.....     17%         4    ###....
 Bolt of Magma            Conj/Fire/Erth ###.......   22%         5    #####..
 Summon Forest            Summ/Tloc      ###.......   45%         5    #####..
 Dragon Form              Tmut           #####.....   45%         7    #######
 Iskenderun's Mystic Bla  Conj/Tloc      #.......     50%         4    ###....
 Shadow Creatures         Summ           N/A          63%         6    ######.
 Eringya's Noxious Bog    Tmut/Pois      ###.......   65%         6    ######.
 Agony                    Necr           #.......     85%         5    #####..
 Summon Hydra             Summ           ###.......   99%         7    #######
 Death Channel            Necr           #.........   100%        6    ######.
 Malign Gateway           Summ/Tloc      ###.......   100%        7    #######
 Disjunction              Tloc           #.........   100%        8    #######
 Shatter                  Erth           #####.....   100%        9    #######


Dungeon Overview and Level Annotations

Branches:
Dungeon (14/15)            Temple (1/1) D:6            Lair (6/6) D:10
 Shoals (4/4) Lair:4       Spider (0/4) Lair:3        Slime (0/5) Lair:5
    Orc (2/2) D:10            Elf (3/3) Orc:2        Vaults (2/5) D:13
 WizLab (1/1)             Gauntlet (visited)
  Crypt: Vaults:2-3

Altars:
Ashenzari
Cheibriados
Dithmenos
Elyvilon
Fedhas
Gozag
Hepliaklqana
Kikubaaqudgha
Makhleb
Nemelex Xobeh
Okawaru
Qazlal
Ru
Sif Muna
Trog
Uskayaw
Vehumet
Wu Jian
Xom
Yredelemnul
Zin
The Shining One
Beogh
Jiyva

Shops:
D:11 [   Orc:2 !=%[   Shoals:3 [   Shoals:4 =   Vaults:2 *

Annotations:
D:2 Sigmund
D:3 3 runed translucent doors, Thomus's ghost, amateur DECj
D:4 1 runed translucent door, DearestLeader's ghost, amateur DECj
D:10 1 runed translucent door, exclusion: oklob sapling, Xicosat's ghost, novice HOTm
Lair:6 2 transporters, mandor's ghost, journeyman GnTm
Elf:2 3 runed translucent doors
Vaults:1 2 runed translucent doors, dolemite99's ghost, veteran DrFE; foobar1000's ghost, veteran SpHu
Vaults:2 1 exclusion


Innate Abilities, Weirdness & Mutations

You have hooves in place of feet.
Armour fits poorly on your strangely shaped body.
((You cover ground very quickly.))
((You have extremely tough skin. (AC +3)))
You are agile. (Dex +2)
Your body often deteriorates upon taking damage.
You are frail. (-10% HP)
You are weak. (Str -2)
Potions are less effective at restoring your health.
Your spells are a little easier to cast, but a little less powerful.


Message History

Space distorts slightly along a thin shroud covering your body.
Your shroud begins to fray at the edges.
You are too injured to fight recklessly!
Firing (i - inventory. (/) - cycle)
d - 289 arrows (quivered)
Press: ? - help, Shift-Dir - straight line, f - hell beast
Aim: a hell beast (heavily wounded, fast, strong, slightly transparent)
You shoot an arrow. The arrow misses the hell beast.
Your shroud bends the hell beast's attack away.
The hell beast closely misses you.
The hell beast bites you but does no damage.
The hell beast tramples you!!
* * * LOW HITPOINT WARNING * * *
Your body deteriorates!
You feel clumsy.
You stumble backwards!
Casting: Shroud of Golubria (safe; 8% risk of failure)
Confirm with . or Enter, or press ? or * to list all spells.
You miscast Irradiate.
Strange energies run through your body!
* * * LOW HITPOINT WARNING * * *
The hell beast bites you!!
You die...

########### ###
#8...∩...8# ###.###
#.........# ##.....##
#..##.##..###.......##
#.##...##)##.........#
#..[.#....##.........##
...#...#..............#
.....∩................#
#..#...#..##....8....##
#....#....##....2....#
#.##...##.###.......##
#..##.##..####.....##
⌠.........⌠# ###..##
#..##.##..######..#
#.##...##.###.##..#
#.#.....#.#......##
.................##


You could see a hell beast (fast, strong, invisible).

Vanquished Creatures
  Jorgrun (Elf:1)
  2 deep elf blademasters (Elf:3)
  Kirke (Elf:1)
  A tengu reaver (Vaults:2)
  Ilsuiw (Shoals:4)
  A vault warden (Vaults:1)
  A frost giant (Shoals:4)
  4 deep elf sorcerers
  A black sun (WizLab)
  A balrug (WizLab)
  3 cacodemons (WizLab)
  A deep elf elementalist (Elf:3)
  3 ironheart preservers (Vaults:1)
  A stone giant (Vaults:1)
  4 deep elf demonologists
  11 deep elf annihilators
  A minotaur (Gauntlet)
  5 deep elf death magi
  A green death (WizLab)
  5 merfolk javelineers
  7 merfolk impalers (Shoals:4)
  2 yaktaur captains
  A blizzard demon (WizLab)
  A death ooze (Gauntlet)
  2 deep elf high priests (Elf:3)
  A fire dragon (Lair:6)
  Fannar (D:12)
  2 vault guards (Vaults:1)
  A rakshasa (Vaults:1)
  6 hydras
  5 merfolk avatars
  4 two-headed ogres
  3 catoblepae
  A merfolk aquamancer (Shoals:4)
  8 dancing weapons (Elf:2)
  6 orc high priests
  2 death yaks (Lair:5)
  A tengu warrior (D:14)
  9 deep elf knights
  2 sun demons (WizLab)
  2 sixfirhies (WizLab)
  5 skeletal warriors (Vaults:2)
  A fire crab (Lair:6)
  8 sea snakes
  2 unseen horrors
  A glowing orange brain (Vaults:1)
  A wizard (D:13)
  5 lindwurms (Lair:6)
  An ironbrand convoker (Vaults:1)
  7 deep elf archers
  31 deep elf magi
  9 orc knights
  14 harpies
  10 manticores
  2 orc sorcerers
  A cyclops (Vaults:1)
  3 fauns
  3 ugly things
  4 merfolk sirens
  3 elephants (Lair:6)
  2 rust devils (WizLab)
  An eye of devastation (Gauntlet)
  6 water nymphs
  4 black mambas
  3 smoke demons (WizLab)
  3 orange demons (WizLab)
  10 spiny frogs
  6 torpor snails (Lair:6)
  3 hellions (WizLab)
  A komodo dragon (shapeshifter) (Vaults:1)
  A gargoyle (D:10)
  3 yaktaurs (Vaults:1)
  A yaktaur (shapeshifter) (Vaults:1)
  5 komodo dragons
  2 tormentors (WizLab)
  2 ice devils (WizLab)
  A hellwing (WizLab)
  5 rime drakes
  A polar bear (Lair:6)
  27 merfolk
  A red devil (WizLab)
  2 trolls
  Prince Ribbit (D:7)
  12 blink frogs
  A small abomination (Elf:3)
  6 wind drakes
  3 tyrant leeches (Lair:6)
  A raiju (shapeshifter) (Vaults:2)
  7 hornets
  A sphinx simulacrum (Vaults:1)
  12 hippogriffs
  12 dream sheep
  5 snapping turtles
  A slime creature (Gauntlet)
  2 air elementals
  11 water elementals
  6 wyverns
  A wraith (Vaults:1)
  Eustachio (D:5)
  42 yaks
  3 basilisks
  4 fire elementals
  A steam dragon (D:7)
  4 hogs (Elf:1)
  A golden eye (Gauntlet)
  A basilisk (shapeshifter) (Vaults:1)
  A chaos spawn (WizLab)
  A neqoxec (WizLab)
  3 wargs
  11 water moccasins
  A floating eye (Gauntlet)
  3 porcupines
  3 sky beasts
  A phantom (D:12)
  2 ice beasts
  2 black bears
  35 orc warriors
  12 ogres
  A necrophage (D:6)
  5 wolves
  7 centaurs
  4 crocodiles
  3 big kobolds
  Blork the orc (D:6)
  A nameless horror (Shoals:1)
  14 bullfrogs
  2 earth elementals
  4 scorpions
  59 killer bees
  8 wights
  8 electric eels
  2 quasits
  A bullfrog zombie (D:13)
  19 orc wizards
  30 orc priests
  3 hounds (D:4)
  7 jellies
  2 bullfrog skeletons
  A centaur skeleton (D:3)
  2 iguanas
  15 worker ants
  A hound skeleton (D:7)
  A howler monkey zombie (D:9)
  9 adders
  A shadow imp (D:8)
  2 oozes
  2 adder skeletons (D:8)
  3 adder zombies
  A worm (D:3)
  A dart slug (D:4)
  A leopard gecko (D:11)
  78 orcs
  5 ball pythons (D:10)
  6 giant cockroaches
  4 goblins
  8 hobgoblins
  21 jackals
  25 kobolds
  6 quokkas
  8 bats
  8 frilled lizards
  A leopard gecko skeleton (D:8)
  A quokka skeleton (D:8)
  7 rats
  3 crawling corpses
  A fungus (Lair:6)
934 creatures vanquished.

Vanquished Creatures (collateral kills)
  Roxanne (Shoals:1)
  A merfolk impaler (Shoals:4)
  A hydra (Lair:2)
  A merfolk aquamancer (Shoals:1)
  2 merfolk sirens
  2 merfolk
  A blink frog (Lair:2)
  A basilisk (Lair:2)
  An orc priest (Orc:2)
  A plant (Shoals:1)
12 creatures vanquished.

Vanquished Creatures (others)
  A deep elf death mage (Elf:3)
  An ironbrand convoker (Vaults:1)
  A human (Elf:1)
  An orc (Orc:2)
  A bush (Lair:5)
  6 fungi
  38 plants
49 creatures vanquished.

Grand Total: 995 creatures vanquished

Notes
Turn   | Place    | Note
-------+----------+-------------------------------------------
     0 | D:1      | Lavandula the Centaur Arcane Marksman began the quest for
                  | the Orb.
     0 | D:1      | Reached XP level 1. HP: 16/16 MP: 2/2
    19 | D:1      | Found a snail-covered altar of Cheibriados.
    42 | D:1      | Reached skill level 3 in Bows
    94 | D:1      | Reached XP level 2. HP: 23/23 MP: 3/3
   179 | D:1      | Reached skill level 4 in Bows
   573 | D:2      | Reached XP level 3. HP: 27/28 MP: 2/4
   630 | D:2      | Found a stormy altar of Qazlal.
   630 | D:2      | Found a bloodstained altar of Trog.
   632 | D:2      | Found a shimmering blue altar of Sif Muna.
   700 | D:2      | Learned a level 2 spell: Slow
   715 | D:2      | Reached skill level 5 in Bows
   738 | D:2      | Found a hide-covered altar of Uskayaw.
  1118 | D:2      | Found a glowing golden altar of the Shining One.
  1525 | D:3      | Found a runed translucent gate.
  1623 | D:3      | Reached XP level 4. HP: 35/35 MP: 5/5
  1631 | D:3      | Found a runed translucent gate.
  1632 | D:3      | Found a runed translucent gate.
  1632 | D:3      | Noticed a big kobold
  1636 | D:3      | Noticed Thomus's ghost (amateur DECj)
  1759 | D:3      | Reached skill level 6 in Bows
  2687 | D:3      | Reached XP level 5. HP: 37/40 MP: 6/6
  2814 | D:2      | Noticed Sigmund
  2891 | D:4      | Reached skill level 7 in Bows
  2996 | D:4      | You fall into a shaft and drop 2 floors!
  2996 | D:6      | Noticed a centaur
  2997 | D:6      | Noticed Blork the orc
  2997 | D:6      | Noticed a necrophage
  3018 | D:5      | Entered Level 5 of the Dungeon
  3251 | D:5      | Reached skill level 8 in Bows
  3285 | D:5      | Reached XP level 6. HP: 41/47 MP: 7/7
  3296 | D:5      | Learned a level 3 spell: Inner Flame
  3369 | D:5      | Reached skill level 9 in Bows
  3783 | D:5      | Reached skill level 10 in Bows
  3783 | D:5      | Reached XP level 7. HP: 52/52 MP: 8/8
  3804 | D:5      | Noticed Eustachio
  4298 | D:4      | Reached skill level 11 in Bows
  4799 | D:4      | Found a runed translucent door.
  4799 | D:4      | Noticed DearestLeader's ghost (amateur DECj)
  5426 | D:5      | Killed Eustachio
  5426 | D:5      | Reached skill level 12 in Bows
  5426 | D:5      | Reached XP level 8. HP: 24/59 MP: 9/9
  5513 | D:6      | Found a shimmering blue altar of Sif Muna.
  5679 | D:6      | Killed Blork the orc
  5891 | D:6      | Reached skill level 13 in Bows
  6620 | D:7      | Reached skill level 14 in Bows
  6868 | D:7      | Noticed Prince Ribbit
  6895 | D:7      | Killed Prince Ribbit
  6895 | D:7      | Reached XP level 9. HP: 56/68 MP: 10/10
  6900 | D:7      | Learned a level 3 spell: Portal Projectile
  7756 | D:8      | Reached skill level 5 in Hexes
  8363 | D:8      | Noticed a two-headed ogre
  8399 | D:8      | Killed a two-headed ogre
  8584 | D:8      | Reached skill level 1 in Ice Magic
  9002 | D:9      | Reached XP level 10. HP: 75/75 MP: 11/11
  9669 | D:6      | Found a staircase to the Ecumenical Temple.
  9822 | Temple   | Entered the Ecumenical Temple
  9917 | Temple   | Became a worshipper of Ashenzari the Shackled
 10126 | D:9      | Found an iron altar of Okawaru.
 10164 | D:10     | Entered Level 10 of the Dungeon
 10253 | D:10     | Learned a level 4 spell: Cause Fear
 10292 | D:10     | Noticed a gargoyle
 10299 | D:10     | Killed a gargoyle
 10404 | D:10     | Found a runed translucent door.
 10415 | D:10     | Found a staircase to the Lair.
 10545 | Lair:1   | Entered Level 1 of the Lair of Beasts
 10545 | Lair:1   | Noticed a seven-headed hydra
 11251 | D:10     | Reached skill level 5 in Spellcasting
 11451 | D:10     | Found a staircase to the Orcish Mines.
 11555 | D:10     | Found a blossoming altar of Fedhas.
 11571 | D:10     | Noticed a two-headed ogre
 11592 | D:10     | Killed a two-headed ogre
 11618 | D:10     | Learned a level 3 spell: Frozen Ramparts
 11687 | D:10     | Reached XP level 11. HP: 72/80 MP: 20/20
 13320 | D:10     | Noticed Xicosat's ghost (novice HOTm)
 13451 | D:11     | Found Kuziax's Armour Shoppe.
 13454 | D:11     | Bought a scarf of repulsion for 132 gold pieces
 13792 | D:11     | Reached * piety under Ashenzari
 14546 | D:12     | Noticed an unseen horror
 14567 | D:12     | Killed an unseen horror
 14766 | D:12     | Noticed a two-headed ogre
 14797 | D:12     | Killed a two-headed ogre
 14797 | D:12     | Reached skill level 15 in Bows
 15174 | D:12     | Noticed Fannar
 15199 | D:12     | Killed Fannar
 15426 | D:13     | Noticed a brown ugly thing
 15446 | D:13     | Killed a brown ugly thing
 15624 | D:13     | Noticed a purple ugly thing
 15641 | D:13     | Killed a brown ugly thing
 15641 | D:13     | Reached skill level 16 in Bows
 15782 | D:13     | Noticed an unseen horror
 15793 | D:13     | Killed an unseen horror
 15886 | D:13     | Noticed a two-headed ogre
 15886 | D:13     | Noticed a wizard
 15892 | D:13     | Killed a wizard
 15904 | D:13     | Killed a two-headed ogre
 15904 | D:13     | Reached skill level 17 in Bows
 16122 | D:13     | Found a gate to the Vaults.
 16481 | D:14     | Noticed a tengu warrior
 16481 | D:14     | Noticed a tengu warrior
 16510 | D:14     | Killed a tengu warrior
 16665 | Lair:1   | Killed a seven-headed hydra
 16747 | Lair:1   | Reached XP level 12. HP: 73/88 MP: 21/21
 16752 | Lair:1   | Learned a level 3 spell: Ozocubu's Armour
 16946 | Lair:1   | Reached skill level 18 in Bows
 17021 | Lair:1   | Noticed a four-headed hydra
 17056 | Lair:1   | Killed a four-headed hydra
 17187 | Lair:1   | Reached ** piety under Ashenzari
 17209 | Lair:1   | Reached skill level 5 in Ice Magic
 18125 | Lair:2   | Found a gate leading to a gauntlet.
 18126 | Lair:2   | Noticed a six-headed hydra
 18136 | Lair:2   | Killed a six-headed hydra
 18156 | Gauntlet | Entered a Gauntlet
 18156 | Gauntlet | Found a transporter.
 18159 | Gauntlet | Found a transporter.
 18161 | Gauntlet | Found a transporter.
 18174 | Gauntlet | Found a runed translucent door.
 18177 | Gauntlet | Found a transporter.
 18177 | Gauntlet | Found a transporter.
 18182 | Gauntlet | Identified the +5 short sword of the Tomato {flame, +Blink
                  | rElec rC- Dex+7}
 18189 | Gauntlet | Found a transporter.
 18192 | Gauntlet | Identified the +10 hunting sling "Dragonbane" {flame, rC-
                  | Int+5 SInv}
 18193 | Gauntlet | Noticed a reaper
 18199 | Gauntlet | Noticed a death ooze
 18200 | Gauntlet | Found a runed translucent door.
 18202 | Gauntlet | Identified the ring of Xoudes {rF+ rC+ Dex+2}
 18202 | Gauntlet | Found a transporter.
 18204 | Gauntlet | Found a runed translucent door.
 18212 | Gauntlet | Found a transporter.
 18215 | Gauntlet | Identified the amulet of Teed {Inacc Fragile rF+ rN++
                  | Int-2}
 18221 | Gauntlet | Found a runed translucent gate.
 18222 | Gauntlet | Found a transporter.
 18222 | Gauntlet | Found a runed translucent gate.
 18223 | Gauntlet | Found a runed translucent gate.
 18241 | Gauntlet | Noticed a death ooze
 18252 | Gauntlet | Found a transporter.
 18266 | Gauntlet | Found a transporter.
 18266 | Gauntlet | Found a transporter.
 18314 | Gauntlet | Found a transporter.
 18525 | Gauntlet | Found a transporter.
 18531 | Gauntlet | Killed a death ooze
 18542 | Gauntlet | Reached skill level 10 in Ice Magic
 18735 | Gauntlet | Identified the +1 mace "Cethowk" {pain, +Rage rPois Str+3
                  | Stlth-}
 18735 | Gauntlet | Noticed a minotaur
 18767 | Gauntlet | Killed a minotaur
 19273 | Lair:3   | Found a hole to the Spider Nest.
 19296 | Lair:3   | Reached *** piety under Ashenzari
 20022 | Lair:4   | Reached XP level 13. HP: 61/95 MP: 20/22
 20618 | Lair:4   | Identified the cursed +1 flail of Viud {vorpal, rF+ rC+
                  | Int-2} (You found it on level 13 of the Dungeon)
 21053 | Lair:4   | Found a staircase to the Shoals.
 21491 | Lair:4   | Reached **** piety under Ashenzari
 22221 | Lair:5   | Found a staircase to the Slime Pits.
 22222 | Lair:5   | Found a viscous altar of Jiyva.
 23699 | Lair:6   | Entered Level 6 of the Lair of Beasts
 23771 | Lair:6   | Noticed a dire elephant
 23772 | Lair:6   | Noticed mandor's ghost (journeyman GnTm)
 23786 | Lair:6   | Found a transporter.
 23790 | Lair:6   | Identified the amulet of the Stallion {Inacc Dex+4}
 23802 | Lair:6   | Found a transporter.
 24331 | Lair:6   | Reached XP level 14. HP: 102/102 MP: 23/26
 24483 | Lair:6   | Reached skill level 5 in Dodging
 24536 | Lair:6   | Found a runed translucent door.
 25715 | Lair:6   | Identified Taaloati's Reference Book on Boosting Dark
                  | Secrets
 25720 | Lair:6   | Learned a level 2 spell: Shroud of Golubria
 25918 | Orc:1    | Entered Level 1 of the Orcish Mines
 26064 | Orc:1    | Found a roughly hewn altar of Beogh.
 26181 | Orc:2    | Entered Level 2 of the Orcish Mines
 26359 | Orc:2    | Found a roughly hewn altar of Beogh.
 26488 | Orc:2    | Found a staircase to the Elven Halls.
 27645 | Orc:2    | Reached skill level 5 in Fighting
 28309 | Orc:2    | Reached ***** piety under Ashenzari
 28986 | Orc:2    | Found Seafruikk's Armour Boutique.
 28989 | Orc:2    | Found Ywnam's Distillery.
 28990 | Orc:2    | Found Weeno's Food Boutique.
 28991 | Orc:2    | Found Jetou's Jewellery Shop.
 28999 | Orc:2    | Bought the amulet of the Iron Devil {Faith rF+++ rN+ Str-5
                  | Slay+3} for 1236 gold pieces
 29403 | Shoals:1 | Entered Level 1 of the Shoals
 30105 | Shoals:1 | Reached XP level 15. HP: 111/124 MP: 24/27
 30364 | Shoals:1 | Reached skill level 10 in Fighting
 31045 | Shoals:1 | Noticed Roxanne
 31210 | Shoals:1 | Found a runed translucent door.
 32079 | Shoals:1 | Learned a level 4 spell: Summon Ice Beast
 32438 | Shoals:1 | Killed Roxanne
 32571 | Shoals:2 | Reduced skill Ice Magic to level 10
 32921 | Shoals:1 | Learned a level 6 spell: Statue Form
 32975 | Shoals:2 | Reached skill level 1 in Earth Magic
 33707 | Shoals:2 | Reached skill level 1 in Transmutations
 34697 | Shoals:3 | Found Sitsi's Armour Boutique.
 34708 | Shoals:3 | Bought the +0 mask of the Dragon {MR+ Slay+3 SInv} for 434
                  | gold pieces
 34708 | Shoals:3 | Found the +0 mask of the Dragon {MR+ Slay+3 SInv}
 34972 | Shoals:4 | Entered Level 4 of the Shoals
 35292 | Shoals:4 | Reached skill level 5 in Transmutations
 35382 | Shoals:4 | Found Faoconil's Jewellery Shoppe.
 35980 | Shoals:4 | Gained mutation: Your body sometimes deteriorates upon
                  | taking damage. [mutagenic glow]
 36040 | Shoals:4 | Gained mutation: Your body often deteriorates upon taking
                  | damage. [mutagenic glow]
 36068 | Shoals:4 | Gained mutation: You are frail. (-10% HP) [mutagenic glow]
 36097 | Shoals:4 | Reached skill level 5 in Earth Magic
 36113 | Shoals:4 | Gained mutation: Your spells are a little easier to cast,
                  | but a little less powerful. [mutagenic glow]
 36212 | Shoals:4 | Noticed Ilsuiw
 36447 | Shoals:4 | Found the +3 pair of gauntlets of War {Slay+5}
 36650 | Shoals:4 | Killed Ilsuiw
 37071 | Shoals:4 | Noticed a frost giant
 37073 | Shoals:4 | Reached XP level 16. HP: 115/132 MP: 19/28
 37140 | Shoals:4 | Got a barnacled rune of Zot
 37408 | Elf:1    | Entered Level 1 of the Elven Halls
 37852 | Elf:1    | Noticed Jorgrun
 37874 | Elf:1    | Killed Jorgrun
 38387 | Elf:1    | Reached skill level 10 in Earth Magic
 38448 | Elf:1    | Identified the Catalogue of Creation
 38465 | Elf:1    | Noticed Kirke
 38471 | Elf:1    | Killed Kirke
 38697 | Elf:1    | Identified the cursed +1 mace of Riwkoef {vorpal, Str+3
                  | Stlth+}
 39016 | Elf:2    | Found a runed translucent gate.
 39016 | Elf:2    | Found a runed translucent gate.
 39016 | Elf:2    | Found a runed translucent gate.
 39657 | Elf:3    | Entered Level 3 of the Elven Halls
 40067 | Elf:3    | Noticed a deep elf blademaster
 40083 | Elf:3    | Killed a deep elf blademaster
 40352 | Elf:3    | Noticed a deep elf blademaster
 40370 | Elf:3    | Killed a deep elf blademaster
 40370 | Elf:3    | Reached XP level 17. HP: 88/138 MP: 8/30
 40596 | Elf:3    | Reached skill level 10 in Spellcasting
 40676 | Elf:3    | Identified the cursed +1 mace "Ogre's Death Toll"
                  | {antimagic, MR+ Dex+6}
 40676 | Elf:3    | Identified the ring of Fanaticism {rPois rC+ rN+ MP-9
                  | Int+9}
 40688 | Elf:3    | Identified the ring of Noagesh {rC+ Str+6 Int+3}
 40699 | Elf:3    | Identified the +5 short sword "Mattus" {venom, +Inv}
 40743 | Elf:3    | Learned a level 5 spell: Irradiate
 41042 | Elf:3    | Identified the Volume of Curses and Translocation
 41049 | Elf:3    | Identified the Grimoire of Unholy Earth
 41133 | Elf:3    | Got the uncursed ring mail "Monla" {rElec Dex+5 Slay+3}
 41196 | Elf:3    | Identified the +6 ring mail "Monla" {rElec Dex+5 Slay+3}
                  | (You found it on level 3 of the Elven Halls)
 41466 | Elf:3    | Reached skill level 1 in Armour
 41913 | Vaults:1 | Entered Level 1 of the Vaults
 42027 | Vaults:1 | Noticed an Ice Fiend
 42719 | Vaults:1 | Reached ****** piety under Ashenzari
 43425 | Vaults:1 | Reached skill level 5 in Armour
 43801 | Vaults:1 | Identified 2 scrolls of acquirement
 43806 | Vaults:1 | Acquired Pithryho's Disquisition on Flight and Creation
 43810 | Vaults:1 | Learned a level 1 spell: Summon Butterflies
 43810 | Vaults:1 | Acquired the cursed amulet of the Exiled Beds {Faith rC++
                  | MR+ Int+4}
 43847 | Vaults:1 | Reached skill level 1 in Summonings
 44143 | Vaults:1 | Found a large runed translucent door.
 44143 | Vaults:1 | Found a large runed translucent door.
 44143 | Vaults:1 | Noticed dolemite99's ghost (veteran DrFE)
 44143 | Vaults:1 | Noticed foobar1000's ghost (veteran SpHu)
 44306 | Vaults:1 | Found a gateway to a bazaar.
 44324 | Bazaar   | Entered a bazaar
 44346 | Bazaar   | Found Oxessem's Armour Emporium.
 44357 | Bazaar   | Found Zioliej's Antique Weapon Shoppe.
 44381 | Bazaar   | Found Kaysiojo's Antique Armour Boutique.
 44397 | Bazaar   | Found Ehasaor's Magic Scroll Shoppe.
 44440 | Bazaar   | Bought a scroll of fog for 22 gold pieces
 44440 | Bazaar   | Bought a scroll of enchant weapon for 82 gold pieces
 44523 | Vaults:2 | Reached skill level 1 in Stealth
 44612 | Vaults:2 | Found Arameny's Assorted Antiques.
 44620 | Vaults:2 | Bought a brown potion for 31 gold pieces
 44620 | Vaults:2 | Bought a coppery potion for 31 gold pieces
 44620 | Vaults:2 | Bought a murky sapphire potion for 31 gold pieces
 44621 | Vaults:2 | Bought a scroll of enchant armour for 262 gold pieces
 44675 | Vaults:2 | Found a magical portal.
 44683 | WizLab   | Entered The Hall of the Hellbinder
 44719 | WizLab   | Gained mutation: You are weak. (Str -2) [a cacodemon]
 44727 | WizLab   | Gained mutation: You are agile. (Dex +2) [a cacodemon]
 44729 | WizLab   | Gained mutation: Potions are less effective at restoring
                  | your health. [a cacodemon]
 45506 | WizLab   | Reached XP level 18. HP: 144/144 MP: 32/32
 45656 | WizLab   | Noticed Xaffuuni
 45661 | WizLab   | Noticed a Brimstone Fiend
 46083 | WizLab   | Slain by a hell beast

Illustrated notes

Levels and vault maps discovered:
D:1:      dpeg_chamrin_arrival_tetris, layout_loops_ring, serial_glass,
          glass_columns_b, glass_columns_a, chequers_avenue,
          chequers_serial_rivers_micro_c, cheibriados_altar_1
D:2:      layout_loops_cross, tso_metal_star, old_standard_altar,
          grunt_temple_overflow_open, uniq_sigmund
D:3:      layout_loops_corners, gammafunk_ghost_nasty_kobolds
D:4:      layout_cave_pools, ebering_ghost_inner_flame
D:5:      layout_loops_ring, first_ration, uniq_eustachio
D:6:      layout_loops_ring, minmay_temple_entry_poolview,
          chequers_ossuary_entry_cave, led_sif_book, uniq_blork_the_orc
D:7:      layout_loops_corners, uniq_prince_ribbit1
D:8:      layout_loops_ring
D:9:      layout_loops_corners, okawaru_trees_2, grunt_ogre_cave,
          ebering_dispersal_statue_hall, hangedman_decor_clover_reticule,
          lemuel_angel_altar
D:10:     layout_layer_cave, lair_entry_dummy, orc_0_dummy, serial_bayou,
          serial_bayou_pond_e, serial_bayou_pond_d, serial_bayou_lake_a,
          serial_bayou_pond_b, ebering_ghost_reflecting_pool,
          introduction_to_nature_2
D:11:     layout_loops_corners, serial_shops, nicolae_shop_stone
D:12:     layout_roguey, serial_shops, nicolae_shop_behind_doors, uniq_fannar
D:13:     layout_loops_ring, david_vaults_1
D:14:     kennysheep_bubble_arena, layout_basic, minmay_nine_imps
Temple:   eino_temple_rhombus
Lair:1:   layout_layer_cave, lemuel_fruit_fields
Lair:2:   layout_gridlike, gauntlet_entry_generic, grunt_megastairs_1
Lair:3:   layout_roguey, spider_nest_entry_web_field
Lair:4:   cheibrodos_lair_river_kwai, layout_regular_city,
          minmay_shoals_entry_beasts, serial_bayou_shore_b
Lair:5:   wad_woods_minihive, layout_hall_layers, slime_altar_1,
          cheibrodos_lair_caveside_slide, beast_lair_carwin_5
Lair:6:   wormcave, layout_misc_corridors, hangedman_lair_in_review,
          gammafunk_ghost_berserking_beasts, lemuel_fruit_tree
Shoals:1: layout_shoals, lightli_airlock, uniq_roxanne
Shoals:2: layout_shoals
Shoals:3: layout_shoals, serial_shops, shop
Shoals:4: shoals_end_grunt_ice, layout_shoals, shoal_ilsuiw, serial_shops, shop
Orc:1:    layout_caves, basic_altar
Orc:2:    st_orc_pillars, layout_diamond_mine, basic_altar
Elf:1:    eino_elf_arrival_the_gate, layout_onion_city, minmay_elf_demonology,
          uniq_kirke, uniq_jorgrun
Elf:2:    layout_geoelf_grid, grunt_ministairs_7
Elf:3:    minmay_elf_hall_dome, layout_geoelf_castle, serial_shops,
          nicolae_shop_behind_doors, minivault_11
Vaults:1: advil_vaults_ghost_guards, hangedman_vaults_corner_blocks,
          ontoclasm_vaults_shuriken, nicolae_vaults_big_angled_halls,
          nicolae_vaults_network_quincunx
          [nicolae_vaults_network_quincunx_subvault,
          nicolae_vaults_network_quincunx_subvault,
          nicolae_vaults_network_quincunx_subvault,
          nicolae_vaults_network_quincunx_subvault,
          nicolae_vaults_network_quincunx_subvault], v_misc_9,
          nicolae_vaults_network_s, v_misc_17, hangedman_vaults_trim,
          nicolae_vaults_rhombus_6, layout_vaults_big_cross, serial_shops,
          bzr_firewalk
Vaults:2: grunt_vaults_diagonal, v_misc_16, v_misc_9,
          minmay_crypt_entry_necro_gods, v_misc_13, hangedman_vaults_river_flow,
          ontoclasm_vaults_ligature, hangedman_vaults_stream, sword_in_stone,
          layout_vaults_ring, serial_shops, shop, mu_enter_wizlab_6, uniq_sojobo
WizLab:   wizlab_demon

Skill      XL: |  1  2  3  4  5  6  7  8  9 10 11 12 13 14 15 16 17 |
---------------+----------------------------------------------------+-----
Bows           | 3 4 5 6 8 10 12 14 17 18 | 18.5
Fighting       | 3 9 14 | 14.4
Hexes          | 7 8 |  8.4
Ice Magic      | 2 4 12 13 10 | 10.2
Spellcasting   | 6 8 9 10 | 10.7
Dodging        | 4 8 |  8.1
Earth Magic    | 6 10 | 10.8
Transmutations | 5 7 |  7.3
Armour         | 5 |  5.3
Summonings     | 2 |  2.7
Stealth        | 4 |  4.9

Action                   |  1- 3 |  4- 6 |  7- 9 | 10-12 | 13-15 | 16-18 || total
-------------------------+-------+-------+-------+-------+-------+-------++-------
Melee: Whip              |    32 |   134 |   129 |       |       |       ||   295
       Kick              |     3 |    27 |    22 |       |       |       ||    52
       Longbow           |       |       |       |     1 |       |       ||     1
 Fire: Shortbow          |   110 |    20 |   324 |   436 |       |       ||   890
       Arbalest          |       |       |    10 |       |       |       ||    10
       Longbow           |       |       |       |   368 |  1141 |   783 ||  2292
Throw: Dart              |     6 |     7 |    34 |    33 |   259 |     1 ||   340
       Javelin           |       |       |       |       |    59 |       ||    59
       Throwing net      |       |       |       |       |     3 |     3 ||     6
       Boomerang         |       |       |       |       |    63 |       ||    63
 Cast: Corona            |    22 |       |     2 |     4 |       |       ||    28
       Inner Flame       |       |       |       |    34 |    26 |    11 ||    71
       Cause Fear        |       |       |       |     5 |    13 |       ||    18
       Portal Projectile |       |       |       |     4 |     4 |     7 ||    15
       Frozen Ramparts   |       |       |       |    38 |   117 |    33 ||   188
       Slow              |       |       |       |     1 |       |       ||     1
       Ozocubu's Armour  |       |       |       |     3 |    14 |     1 ||    18
       Shroud of Golubri |       |       |       |       |     6 |     4 ||    10
       Summon Ice Beast  |       |       |       |       |    33 |     3 ||    36
       Statue Form       |       |       |       |       |       |    28 ||    28
       Irradiate         |       |       |       |       |       |     6 ||     6
Invok: Curse Item        |       |       |       |     4 |     2 |       ||     6
       Scrying           |       |       |       |     1 |     1 |       ||     2
       Transfer Knowledg |       |       |       |       |     1 |       ||     1
  Use: Scroll            |       |     6 |     4 |    11 |    10 |    20 ||    51
       Potion            |       |       |       |     1 |     4 |    10 ||    15
  Eat: Chunk             |     2 |     7 |     9 |    21 |    36 |    22 ||    97
       Ration            |       |       |     1 |     4 |     6 |     6 ||    17
Armor: Leather armour    |    54 |    48 |   139 |    76 |   178 |    11 ||   506
       Skin              |       |       |       |       |       |   160 ||   160
       Ring mail         |       |       |       |       |       |    23 ||    23
Dodge: Dodged            |    61 |    59 |   296 |   155 |   478 |   386 ||  1435
       Repelled          |       |       |       |    12 |    48 |    32 ||    92
